 Dungeon Crawl Stone Soup version 0.22-a0-425-g89d60a1 (webtiles) character file.

1993 raistware the Conjurer (level 9, -3/57 HPs)
             Began as a Mummy Wizard on May 24, 2018.
             Was an Initiate of Sif Muna.
             Killed from afar by an orc wizard (7 damage)
             ... with a magic dart
             ... on level 6 of the Dungeon.
             The game lasted 00:19:58 (7276 turns).

raistware the Conjurer (Mummy Wizard)               Turns: 7276, Time: 00:19:59

Health: -3/57      AC:  3    Str: 10    XL:     9   Next: 1%
Magic:  10/25      EV: 12    Int: 20    God:    Sif Muna [......]
Gold:   517        SH:  0    Dex: 17    Spells: 4/18 levels left

rFire    x . .     SeeInvis .   r - +3 falchion
rCold    + . .     Gourm    .   (no shield)
rNeg     + + +     Faith    .   a - +0 robe
rPois    ∞         Spirit   .   b - +0 hat
rElec    .         Reflect  .   s - +0 cloak (curse)
rCorr    .         Harm     .   (no gloves)
MR       +....                  (no boots)
Stlth    ++........             (no amulet)
HPRegen  0.19/turn              t - ring of magical power
MPRegen  0.19/turn              x - +6 ring of dexterity

@: very slightly contaminated
A: no food or potions, fire vulnerability, cold resistance 1, negative energy
resistance 3, torment resistance, unbreathing
a: Renounce Religion


You were on level 6 of the Dungeon.
You worshipped Sif Muna.
Sif Muna was noncommittal.
You were not hungry.

You visited 2 branches of the dungeon, and saw 8 of its levels.

You collected 517 gold pieces.

Inventory:

Hand Weapons
 r - a +3 falchion (weapon)
Missiles
 k - 9 javelins (quivered)
 u - a throwing net
Armour
 a - a +0 robe (worn)
 b - a +0 hat (worn)
 m - a +1 cloak
 s - a cursed +0 cloak (worn)
Jewellery
 t - a ring of magical power (left hand)
 w - an uncursed ring of stealth
 x - a +6 ring of dexterity (right hand)
Wands
 o - a wand of flame (30)
 p - a wand of disintegration (12)
 v - a wand of acid (9)
Scrolls
 c - 10 scrolls of identify {unknown}
 d - 3 scrolls of teleportation {unknown}
 e - 2 scrolls of noise {unknown}
 f - 2 scrolls of fog {unknown}
 g - a scroll of fear {unknown}
 h - 4 scrolls of immolation {unknown}
 i - a scroll of enchant weapon {unknown}
 j - 2 scrolls of enchant armour {unknown}
 l - 2 scrolls of blinking {unknown}
 n - 6 scrolls of magic mapping {unknown}
 q - 2 scrolls of amnesia {unknown}


   Skills:
 - Level 1.5 Dodging
 - Level 1.5 Stealth
 - Level 5.0 Spellcasting
 + Level 6.7 Conjurations
 + Level 4.5 Hexes
 - Level 1.0 Summonings
 - Level 1.0 Translocations
 - Level 5.0 Fire Magic


You had 4 spell levels left.
You knew the following spells:

 Your Spells              Type           Power        Failure   Level  Hunger
a - Magic Dart            Conj           ####         1%          1    N/A
b - Blink                 Tloc           N/A          12%         2    N/A
c - Call Imp              Summ           #.......     12%         2    N/A
d - Conjure Flame         Conj/Fire      ####....     3%          3    N/A
e - Mephitic Cloud        Conj/Pois/Air  ##......     14%         3    N/A
f - Confuse               Hex            ###.....     5%          3    N/A

Your spell library contained the following spells:

 Spells                   Type           Power        Failure   Level  Hunger
 Slow                     Hex            ###.....     2%          2    N/A
 Confusing Touch          Hex            ###...       1%          1    N/A
 Metabolic Englaciation   Hex/Ice        ##........   77%         5    N/A
 Petrify                  Tmut/Erth      #.......     75%         4    N/A
 Gell's Gravitas          Tloc           #.........   22%         3    N/A
 Yara's Violent Unravell  Hex/Tmut       ##........   77%         5    N/A

Dungeon Overview and Level Annotations

Branches:
Dungeon (7/15)             Temple (1/1) D:6

Altars:
Ashenzari
Dithmenos
Elyvilon
Fedhas
Gozag
Kikubaaqudgha
Makhleb
Nemelex Xobeh
Okawaru
Ru
Sif Muna
Trog
Uskayaw
Vehumet
Wu Jian
Xom
Yredelemnul
Zin
The Shining One


Innate Abilities, Weirdness & Mutations

You do not eat or drink.
Your flesh is vulnerable to fire.
You are immune to poison.
Your flesh is cold resistant. (rC+)
You are immune to negative energy. (rN+++)
You are immune to unholy pain and torment.
You can survive without breathing.


Message History

Confirm with . or Enter, or press ? or * to list all spells.
Aiming: Magic Dart (safe; 1% risk of failure)
Press: ? - help, Shift-Dir - straight line, f/p - orc wizard
Aim: an orc wizard, wielding a dagger of electrocution and wearing a robe (severely wounded, fast)
The magic dart hits the orc wizard.
The orc wizard is almost dead.
The orc wizard hits you but does no damage.
The orc wizard hits you with a dagger of electrocution!
* * * LOW HITPOINT WARNING * * *
Casting: Magic Dart (safe; 1% risk of failure)
Confirm with . or Enter, or press ? or * to list all spells.
Aiming: Mephitic Cloud (safe; 14% risk of failure)
Press: ? - help, Shift-Dir - straight line, f/p - orc wizard
Aim: an orc wizard, wielding a dagger of electrocution and wearing a robe (almost dead, fast)
You miscast Mephitic Cloud.
You are very lightly contaminated with residual magic.
You are momentarily dazzled by a flash of light!
The orc wizard gestures at you while chanting.
The magic dart hits you!
You die...

########### #.........#
#.........# #.......(.#
#######.@...#########
#######o............### #
######⌠.⌠##############...#
## #....'.>.## ###.###
.####.####⌠.⌠#########
#.... ......#
########.....# #######.
###.### ###.####.....#
#....... #.### #!#
#...[.#####.###### #...###
#.####.....##....#


You could see an orc wizard.

Vanquished Creatures
  Duvessa (D:5)
  4 sky beasts
  A phantom (D:4)
  2 ogres
  2 centaurs
  A bullfrog (D:6)
  Dowan (D:5)
  A scorpion (D:5)
  A howler monkey (D:3)
  7 crimson imps
  4 hounds
  A centaur skeleton (D:4)
  An orc priest (D:7)
  2 orc wizards
  A bullfrog skeleton (D:6)
  A gnoll shaman (D:6)
  2 iguanas (D:5)
  7 worker ants
  A worker ant zombie (D:5)
  8 gnolls
  4 adders
  A shadow imp (D:5)
  3 worms
  2 dart slugs
  2 leopard geckos
  9 orcs
  8 bats
  5 giant cockroaches
  7 goblins
  8 hobgoblins
  6 jackals
  4 kobolds
  3 quokkas
  2 ball pythons
  A ball python skeleton (D:4)
  5 frilled lizards
  A jackal skeleton (D:5)
  6 rats
126 creatures vanquished.

Vanquished Creatures (collateral kills)
  Terence (D:2)
1 creature vanquished.

Grand Total: 127 creatures vanquished

Notes
Turn   | Place    | Note
-------+----------+-------------------------------------------
     0 | D:1      | raistware the Mummy Wizard began the quest for the Orb.
     0 | D:1      | Reached XP level 1. HP: 13/13 MP: 5/5
    11 | D:1      | Reached skill level 1 in Conjurations
   293 | D:1      | Reached XP level 2. HP: 19/19 MP: 5/7
   297 | D:1      | Learned a level 2 spell: Blink
   300 | D:1      | Learned a level 2 spell: Call Imp
   650 | D:1      | Reached skill level 2 in Conjurations
  1098 | D:2      | Noticed a dagger
  1098 | D:2      | Noticed a dagger
  1101 | D:2      | Found a hide-covered altar of Uskayaw.
  1103 | D:2      | Noticed Terence
  1120 | D:2      | Killed Terence
  1120 | D:2      | Reached XP level 3. HP: 21/24 MP: 3/8
  1485 | D:2      | Reached skill level 3 in Conjurations
  1559 | D:2      | Found an ornate altar of the Wu Jian Council.
  1932 | D:3      | Reached XP level 4. HP: 24/30 MP: 0/10
  2174 | D:3      | Found a bloodstained altar of Trog.
  2174 | D:3      | Found a white marble altar of Elyvilon.
  2549 | D:3      | Reached skill level 4 in Conjurations
  2722 | D:3      | Learned a level 3 spell: Conjure Flame
  2983 | D:4      | Reached XP level 5. HP: 35/35 MP: 8/11
  2988 | D:4      | Learned a level 3 spell: Mephitic Cloud
  3116 | D:4      | Reached skill level 1 in Summonings
  3116 | D:4      | Reached skill level 1 in Translocations
  3325 | D:4      | Reached skill level 1 in Fire Magic
  3341 | D:4      | Noticed an ogre
  3368 | D:4      | Noticed a sky beast
  3397 | D:4      | Killed an ogre
  3397 | D:4      | Reached XP level 6. HP: 17/41 MP: 2/12
  3625 | D:4      | Killed a sky beast
  3814 | D:4      | Reached skill level 5 in Conjurations
  3975 | D:4      | Reached XP level 7. HP: 12/46 MP: 4/13
  4251 | D:5      | Entered Level 5 of the Dungeon
  4262 | D:5      | Learned a level 3 spell: Confuse
  4586 | D:5      | Reached skill level 1 in Hexes
  4943 | D:5      | Noticed Dowan
  4977 | D:5      | Noticed Duvessa
  4988 | D:5      | Killed Dowan
  4998 | D:5      | Killed Duvessa
  5222 | D:5      | Reached XP level 8. HP: 33/52 MP: 14/14
  5696 | D:6      | Found a shadowy altar of Dithmenos.
  5772 | D:6      | Reached skill level 6 in Conjurations
  5945 | D:6      | Reached skill level 5 in Spellcasting
  6590 | D:6      | Reached skill level 5 in Fire Magic
  6785 | D:6      | Found a staircase to the Ecumenical Temple.
  6866 | Temple   | Entered the Ecumenical Temple
  7109 | Temple   | Became a worshipper of Sif Muna the Loreminder
  7265 | D:7      | Reached XP level 9. HP: 33/57 MP: 16/16
  7276 | D:6      | Killed from afar by an orc wizard

Vault maps used:
D:1:      dpeg_arrival_chambers_temple_mockup
D:2:      dancing_weapons_uskayaw, lemuel_round_altar, uniq_terence
D:3:      chequers_temple_overflow_statue_of_worship
D:5:      first_ration, st_stairs_5, kennysheep_generic_room_15, uniq_duvessa
D:6:      overflow_temple_1_default, temple_doors_cd
Temple:   minmay_temple_curvy_branch

Skill      XL: |  1  2  3  4  5  6  7  8 |
---------------+-------------------------+-----
Conjurations   | 1 2 3 4 5 6 |  6.7
Summonings     | 1 |  1.0
Translocations | 1 |  1.0
Fire Magic     | 1 2 4 5 |  5.0
Hexes          | 2 4 |  4.5
Spellcasting   | 5 |  5.0
Dodging        | |  1.5
Stealth        | |  1.5

Action                   |  1- 3 |  4- 6 |  7- 9 || total
-------------------------+-------+-------+-------++-------
Melee: Unarmed           |     8 |       |       ||     8
       Short sword       |     8 |    12 |       ||    20
       Falchion          |       |    21 |    60 ||    81
 Cast: Magic Dart        |   104 |   100 |   210 ||   414
       Call Imp          |     2 |       |     3 ||     5
       Conjure Flame     |       |     2 |    15 ||    17
       Mephitic Cloud    |       |     1 |    12 ||    13
 Stab: Confused          |       |     3 |     1 ||     4
Armor: Robe              |     8 |    19 |    27 ||    54
Dodge: Dodged            |    38 |    37 |    97 ||   172
       Rpst.: Falchion   |       |     4 |    38 ||    42

Table legend:
 A = Spawn XP
 B = Non-spawn XP
 C = Spawn XP percentage of total XP
 D = Spawn monster count
 E = Non-spawn monster count
 F = Spawn count percentage of total count
 G = Total turns spent on level
                    A         B        C        D         E        F      G
               +---------+---------+-------+---------+---------+-------+---------
         Total |       0 |    2848 |   0.0 |       0 |     127 |   0.0 |  7276
               +---------+---------+-------+---------+---------+-------+---------
           D:1 |       0 |      30 |   0.0 |       0 |      18 |   0.0 |  1051
           D:2 |       0 |      59 |   0.0 |       0 |      19 |   0.0 |   817
           D:3 |       0 |     105 |   0.0 |       0 |      20 |   0.0 |  1092
           D:4 |       0 |     554 |   0.0 |       0 |      15 |   0.0 |  1291
           D:5 |       0 |     762 |   0.0 |       0 |      20 |   0.0 |  1445
           D:6 |       0 |    1252 |   0.0 |       0 |      31 |   0.0 |  1274
           D:7 |       0 |      86 |   0.0 |       0 |       4 |   0.0 |    40
               +---------+---------+-------+---------+---------+-------+---------
